 Dungeon Crawl Stone Soup version 0.29.1-1-gd02db6906a (webtiles) character file.

Game seed: 8403357273288674931

30 Earthwalker the Trooper (level 3, -3/33 HPs)
             Began as a Minotaur Fighter on Oct 10, 2022.
             Slain by an orc
             ... wielding a +0 trident
              (8 damage)
             ... on level 2 of the Dungeon.
             The game lasted 00:03:58 (1081 turns).

Earthwalker the Trooper (Minotaur Fighter)          Turns: 1081, Time: 00:04:00

Health: -3/33      AC:  7    Str: 20    XL:     3   Next: 5%
Magic:  2/2        EV:  9    Int:  5    God:
Gold:   24         SH:  4    Dex: 11    Spells: 2/2 levels left

rFire   . . .      SeeInvis .   a - +0 long sword
rCold   . . .      Faith    .   c - +0 buckler
rNeg    . . .      Spirit   .   b - +0 scale mail
rPois   .          Reflect  .   (helmet restricted)
rElec   .          Harm     .   (no cloak)
rCorr   .          Rampage  .   (no gloves)
Will    .....                   (no boots)
Stlth   ..........              (no amulet)
HPRegen 0.11/turn               (no ring)
MPRegen 0.08/turn               (no ring)

@: no status effects
A: horns 2, retaliatory headbutt
a: no special abilities


You were on level 2 of the Dungeon.
You visited 1 branch of the dungeon, and saw 2 of its levels.

You collected 24 gold pieces.

Inventory:

Hand Weapons
 a - a +0 long sword (weapon)
Missiles
 j - 2 javelins (quivered)
 l - 2 poisoned darts
Armour
 b - a +0 scale mail (worn)
 c - a +0 buckler (worn)
Scrolls
 e - a scroll of immolation {unknown}
 f - a scroll of enchant armour {unknown}
 i - a scroll of identify {unknown}
 k - a scroll of enchant weapon {unknown}
Potions
 d - a potion of might
 g - a potion of flight {unknown}
 h - 2 potions of curing {unknown}
 m - a potion of attraction {unknown}


   Skills:
 * Level 3.9 Fighting
 * Level 2.9 Long Blades
 * Level 0.5 Throwing
 * Level 3.8 Armour
 * Level 0.3 Dodging
 * Level 0.1 Stealth
 * Level 3.9 Shields
 * Level 0.3 Invocations
 * Level 0.4 Evocations


You had 2 spell levels left.
You didn't know any spells.
Your spell library contained the following spells:

 Spells                   Type           Power      Damage    Failure   Level
 Necrotise                Necr           0%         1d4       89%         1
 Ignite Poison            Fire/Tmut/Pois 0%         N/A       99%         3
 Mephitic Cloud           Conj/Pois/Air  0%         N/A       99%         3
 Vampiric Draining        Necr           0%         2d6       99%         3
 Agony                    Necr           0%         N/A       100%        5
 Freezing Cloud           Conj/Ice/Air   0%         6-21      100%        5


Dungeon Overview and Level Annotations

Branches:
Dungeon (2/15)

Altars:


Innate Abilities, Weirdness & Mutations

You have a pair of horns on your head.
You reflexively headbutt those who attack you in melee.


Message History

Moving in this stuff is going to be slow.
There is a stone staircase leading down here.
You climb downwards.
Found a ruby potion.
There is a stone staircase leading up here.
m - a ruby potion A giant cockroach comes into view.
You hit the giant cockroach.
Your headbutt misses the giant cockroach.
The giant cockroach is moderately wounded.
The giant cockroach bites you but does no damage.
You hit the giant cockroach.
You kill the giant cockroach!
An orc comes into view. It is wielding a +0 trident.
The orc shouts!
You hear a shout! x2 2 orcs come into view.
The orc shouts!
You hear a shout!
Found a scroll labelled MUKASH AJEOJE.
The orc closely misses you.
An ogre comes into view. It is wielding a +0 giant spiked club.
An orc comes into view. It is wielding a +0 club.
The orc hits you with a +0 trident.
You closely miss the orc. Your headbutt misses the orc.
The orc hits you with a +0 trident.
You barely miss the orc.
The orc hits you from afar with a +0 trident.
The orc hits you with a +0 hand axe.
You barely miss the orc. Your headbutt misses the orc.
You block the orc's attack.
An orc priest comes into view. It is wielding a +0 hand axe.
The orc hits you with a +0 hand axe.
An adder comes into view.
The adder hisses angrily.
An endoplasm comes into view.
The endoplasm quivers.
You hit the adder but do no damage. The adder bites you.
The orc closely misses you. The adder barely misses you.
The orc hits you with a +0 hand axe.
* * * LOW HITPOINT WARNING * * *
The orc hits you from afar with a +0 trident!
You die...

.. #.# #O. #.o
#..#####.#
##o......?# #.....#
##.###o##♣♣♣♣♣♣♣♣♣##
.. #..Ooooo@S....#
#.###.##♣♣♣♣♣♣♣♣♣J..
#.....##..#
###.##....#
##.###.#..####
.......<.....#
##.########..# ..#
...


You could see an ogre, an orc priest (wandering), an adder, 4 orcs and an
endoplasm.

Vanquished Creatures
  2 bats (D:1)
  3 endoplasms (D:1)
  2 giant cockroaches
  2 goblins (D:1)
  5 hobgoblins (D:1)
  3 jackals (D:1)
  2 quokkas (D:1)
  2 ball pythons (D:1)
  A frilled lizard (D:1)
  2 kobolds (D:1)
24 creatures vanquished.

Notes
Turn   | Place    | Note
-------+----------+-------------------------------------------
     0 | D:1      | Earthwalker the Minotaur Fighter began the quest for the
                  | Orb.
     0 | D:1      | Reached XP level 1. HP: 19/19 MP: 0/0
   156 | D:1      | Reached XP level 2. HP: 21/27 MP: 1/1
   593 | D:1      | Found a faded altar of an unknown god.
   638 | D:1      | Reached XP level 3. HP: 17/33 MP: 2/2
  1067 | D:2      | Noticed an ogre
  1081 | D:2      | Slain by an orc

Illustrated notes

Levels and vault maps discovered:
D:1:      ncdulo_smallfort, layout_rooms, chequers_ecumenical_altar_island,
          st_stairs_1
D:2:      layout_loops_ring, serial_forest, infiniplex_forest_lined_ring,
          infiniplex_forest_end_1, infiniplex_forest_straight_3,
          infiniplex_forest_lined_room_2, infiniplex_forest_straight_2,
          minmay_quantized

Action                   || total
-------------------------++-------
Melee: Long sword        ||    75
       Headbutt          ||     7
Armor: Scale mail        ||    28
Dodge: Dodged            ||    35
Block: Buckler           ||    13
